[Event "Titled Tuesday Blitz February 14 Late 2023"]
[White "Fernandez, Maria Florencia"]
[Black "Kanyamarala, Tarun"]
[WhiteFideId "116459"]
[BlackFideId "45004714"]
[WhiteElo "2129"]
[BlackElo "2342"]
[Result "1-0"]
[Round "06"]
[TimeControl "180+2"]
[Date "2023.02.14"]
[WhiteClock "0:00:05"]
[BlackClock "0:00:17"]

1. d4 c5 2. d5 e5 3. c4 d6 4. Nc3 Be7 5. Nf3 f5 6. e4 f4 7. Bd2 Nf6 8. Qc2 O-O 9. O-O-O Na6 10. a3 Nc7 11. Be2 a6 12. g3 Ng4 13. Rdf1 b5 14. h3 Nh6 15. cxb5 Nxb5 16. Nxb5 axb5 17. Bxb5 Ba6 18. Bxa6 Rxa6 19. Bc3 Qa8 20. g4 Nf7 21. h4 Rb8 22. Nd2 Nd8 23. g5 c4 24. Rfg1 Nb7 25. g6 hxg6 26. Rxg6 Nc5 27. Nxc4 Nb3+ 28. Kd1 Ra4 29. Nd2 Nd4 30. Qd3 Nb5 31. Rhg1 Bf8 32. Qh3 Nxc3+ 33. bxc3 Qb7 34. Qe6+ Qf7 35. h5 Rxa3 36. Ke2 f3+ 37. Nxf3 Rb2+ 38. Nd2 Raa2 39. Qxf7+ Kxf7 40. Rd1 Be7 41. Kd3 Bh4 42. Rg2 Kg8 43. Nf3 Bf6 44. Rd2 Kh7 45. Rxb2 Rxb2 46. Ng5+ Kh6 47. Nf7+ Kxh5 48. Nxd6 Kh4 49. Nf5+ Kh3 50. Rg3+ Kh2 51. Rf3 Kg2 52. Re3 Rxf2 53. Re2 g5 54. Rxf2+ Kxf2 55. d6 g4 56. c4 g3 57. Nxg3 Kxg3 58. c5 Kf4 59. c6 1-0


[Site "https://www.chess.com"]

[Event "Titled Tuesday Blitz February 14 Late 2023"]
[White "Todev, Simeon"]
[Black "Machidon, Cristi"]
[WhiteFideId "2925133"]
[BlackFideId "13904590"]
[WhiteElo "2033"]
[BlackElo "2301"]
[Result "0-1"]
[Round "06"]
[TimeControl "180+2"]
[Date "2023.02.14"]
[WhiteClock "0:00:05"]
[BlackClock "0:00:07"]

1. e4 d5 2. Nf3 dxe4 3. Ng5 Bf5 4. Nc3 Nf6 5. d3 e6 6. dxe4 Qxd1+ 7. Kxd1 Bg6 8. Bf4 h6 9. Nf3 Nxe4 10. Nxe4 Bxe4 11. Bxc7 Bxf3+ 12. gxf3 Nc6 13. Bd3 Bc5 14. Ke1 Ke7 15. Rg1 g6 16. Bf4 Nd4 17. Be4 Rad8 18. c3 Nc6 19. Rd1 Rxd1+ 20. Kxd1 Bxf2 21. Rf1 Bh4 22. Kc2 Bg5 23. Bg3 Rd8 24. f4 Bf6 25. Bf2 a6 26. Bc5+ Ke8 27. Bb6 Rd7 28. h4 h5 29. Bf2 Kd8 30. a4 Kc7 31. b4 Ne7 32. b5 Nd5 33. c4 Nb4+ 34. Kb3 Nd3 35. Be3 Bxh4 36. c5 Be7 37. Bxb7 axb5 38. axb5 Bxc5 39. Bc6 Rd8 40. Bxc5 Nxc5+ 41. Kc4 Kb6 42. Ra1 h4 43. Rh1 Rh8 44. Bg2 Rh5 45. Rd1 Kc7 46. Ra1 Nd7 47. Ra7+ Kd6 48. Bc6 Nb6+ 49. Kd4 h3 50. Ra6 Nc8 51. Bf3+ Kc7 52. Bxh5 gxh5 53. Ra7+ Nxa7 54. Kc5 Nxb5 0-1


[Site "https://www.chess.com"]

[Event "Titled Tuesday Blitz February 14 Late 2023"]
[White "Kaplan, Avi Harrison"]
[Black "Haszon, David"]
[WhiteFideId "30934559"]
[BlackFideId "733610"]
[WhiteElo "2146"]
[BlackElo "2264"]
[Result "1-0"]
[Round "06"]
[TimeControl "180+2"]
[Date "2023.02.14"]
[WhiteClock "0:01:33"]
[BlackClock "0:01:31"]

1. c4 e6 2. d4 Nf6 3. Nc3 b6 4. e4 Bb4 5. e5 Ne4 6. Qd3 d5 7. cxd5 Qxd5 8. a3 Ba6 9. axb4 Bxd3 10. Nxd5 Bxf1 11. Nxc7+ Kd8 12. Kxf1 Kxc7 13. f3 Nc6 14. fxe4 Nxd4 15. Be3 Nc6 16. b5 Nxe5 17. Bf4 f6 1-0


[Site "https://www.chess.com"]

[Event "Titled Tuesday Blitz February 14 Late 2023"]
[White "Reprintsev, Alexander"]
[Black "Miszler, Levente"]
[WhiteFideId "14100541"]
[BlackFideId "763276"]
[WhiteElo "2253"]
[BlackElo "2271"]
[Result "1-0"]
[Round "06"]
[TimeControl "180+2"]
[Date "2023.02.14"]
[WhiteClock "0:00:08"]
[BlackClock "0:00:07"]

1. e4 c6 2. Nc3 d5 3. Nf3 dxe4 4. Nxe4 Nf6 5. Qe2 Nxe4 6. Qxe4 Nd7 7. Bc4 Nf6 8. Ne5 e6 9. Qe2 Bd6 10. d4 Nd5 11. c3 Qc7 12. O-O b6 13. a4 O-O 14. Bd2 Bb7 15. Rfe1 c5 16. Bd3 Rae8 17. Qh5 g6 18. Qh6 f6 19. Bxg6 fxe5 20. Bxe8 Rxe8 21. Qg5+ Qg7 22. Qxg7+ Kxg7 23. dxe5 Bc7 24. Re4 Kf7 25. Rae1 Rg8 26. f3 Ke7 27. Rh4 Rg7 28. Ree4 Kd7 29. Kf2 Bd8 30. Rhg4 Rf7 31. Bg5 Ne7 32. Re2 a6 33. Rd2+ Kc8 34. Bf6 b5 35. axb5 axb5 36. Rg7 Rxg7 37. Bxg7 c4 38. Rd6 Nf5 39. Rxe6 Nxg7 40. Rh6 Nf5 41. Rxh7 Bb6+ 42. Ke2 Bc7 43. g4 Bxe5 44. gxf5 Bd5 45. h4 b4 46. Kd2 Bxf3 47. h5 bxc3+ 48. bxc3 Bf4+ 49. Ke1 Be5 50. Kd2 Bf4+ 51. Kc2 Be4+ 52. Kb2 Bg5 53. Rg7 Bh6 54. Rg8+ Kd7 55. f6 Ke6 56. Rc8 Kxf6 57. Rxc4 Kg5 58. Rxe4 Kxh5 59. c4 Kg5 60. Kb3 Kf5 61. Re2 Bf4 62. Rf2 Ke5 63. Rxf4 Kxf4 64. Kb4 Ke5 65. Kb5 Kd6 66. Kb6 Kd7 67. c5 Kc8 68. Kc6 Kd8 69. Kb7 1-0


[Site "https://www.chess.com"]

[Event "Titled Tuesday Blitz February 14 Late 2023"]
[White "Hajiyev, Kanan"]
[Black "Gomes, Luiz Alexandre de Souza"]
[WhiteFideId "13404148"]
[BlackFideId "2102790"]
[WhiteElo "2197"]
[BlackElo "2254"]
[Result "1-0"]
[Round "06"]
[TimeControl "180+2"]
[Date "2023.02.14"]
[WhiteClock "0:00:15"]
[BlackClock "0:00:09"]

1. d4 d5 2. Nf3 Nf6 3. c4 e6 4. cxd5 exd5 5. Qc2 c6 6. Nc3 Be7 7. Bf4 O-O 8. e3 Nbd7 9. Bd3 Re8 10. O-O Nf8 11. Rab1 a5 12. a3 g6 13. b4 axb4 14. axb4 Ne6 15. Bg3 Ng7 16. b5 Bf5 17. bxc6 bxc6 18. Bxf5 Nxf5 19. Na4 Nxg3 20. hxg3 Ra6 21. Ne5 Qa8 22. Nb6 Qb7 23. Nxd5 Qc8 24. Nxe7+ Rxe7 25. Rfc1 Re6 26. Nd3 Rd6 27. Rb3 Kg7 28. Nf4 Qa8 29. Rc3 Ra2 30. Qb3 Ne4 31. R3c2 Rxc2 32. Qxc2 Nf6 33. Qc5 Qb8 34. Qe5 Qd8 35. g4 h6 36. g5 hxg5 37. Qxg5 Qe7 38. Nh5+ Kg8 39. Nxf6+ Qxf6 40. Qxf6 Rxf6 41. g3 Kf8 42. Rc5 Ke7 43. Kg2 Kd7 44. g4 Re6 45. g5 Re8 46. Kf3 Rh8 47. Ke4 Rh4+ 48. f4 Rh3 49. Ra5 Kd6 50. Ra7 Ke6 51. Rc7 f5+ 52. Kd3 Rh1 53. Rxc6+ Kf7 54. Rf6+ Kg7 55. d5 Rd1+ 56. Kc4 Re1 57. Kd4 Rd1+ 58. Kc5 Re1 59. d6 Rxe3 60. d7 Rd3 61. Rd6 1-0


[Site "https://www.chess.com"]

[Event "Titled Tuesday Blitz February 14 Late 2023"]
[White "Kalajzic, Ivan"]
[Black "Bas Mas, Jose Joaquin"]
[WhiteFideId "14506378"]
[BlackFideId "22219064"]
[WhiteElo "2062"]
[BlackElo "2197"]
[Result "0-1"]
[Round "06"]
[TimeControl "180+2"]
[Date "2023.02.14"]
[WhiteClock "0:00:01"]
[BlackClock "0:01:08"]

1. d4 d5 2. Nc3 Nf6 3. Bg5 e6 4. e4 Be7 5. Bxf6 Bxf6 6. Nf3 O-O 7. e5 Be7 8. Bd3 c5 9. O-O Nc6 10. dxc5 Bxc5 11. a3 a6 12. Re1 f6 13. exf6 Qxf6 14. Bf1 Nd4 15. Re3 Bd7 16. Ne2 Nxf3+ 17. Rxf3 Qg6 18. Ng3 Rxf3 19. Qxf3 Rf8 20. Qh5 Qxh5 21. Nxh5 Rxf2 22. Kh1 Rxc2 23. b4 Bd4 24. Rd1 e5 25. Bd3 Ra2 26. Ng3 Rxa3 27. Bf5 Bxf5 28. Nxf5 Ra1 29. Rxa1 Bxa1 30. Ne7+ Kf7 31. Nxd5 Ke6 32. Ne3 Bc3 33. Nc2 b5 34. g4 Kd5 35. Kg2 Kc4 36. Kf3 Bxb4 37. Ne3+ Kb3 38. Ke4 a5 39. Nf5 a4 40. Nxg7 a3 41. h4 a2 42. Kf5 a1=Q 43. Kg5 e4 44. Nf5 Bd2+ 45. Kh5 e3 46. g5 e2 47. g6 hxg6+ 48. Kxg6 e1=Q 49. Kh5 Qad1+ 0-1


[Site "https://www.chess.com"]

[Event "Titled Tuesday Blitz February 14 Late 2023"]
[White "Ehlvest, Jaan"]
[Black "Prieto Aranguren, Alain"]
[WhiteFideId "4500016"]
[BlackFideId "2268906"]
[WhiteElo "2530"]
[BlackElo "2258"]
[Result "1-0"]
[Round "06"]
[TimeControl "180+2"]
[Date "2023.02.14"]
[WhiteClock "0:00:50"]
[BlackClock "0:00:07"]

1. c4 a6 2. e4 c6 3. d4 d5 4. e5 Be6 5. c5 f6 6. f4 Nh6 7. Nc3 g6 8. h3 Bg7 9. Nf3 Nd7 10. Be3 O-O 11. Be2 Nf5 12. Bf2 Bh6 13. g4 Bxf4 14. gxf5 Bxf5 15. exf6 Nxf6 16. Bd3 Ne4 17. Nxe4 dxe4 18. Bc4+ e6 19. Ne5 e3 20. Bg1 Qh4+ 21. Ke2 Bxh3 22. Bxe6+ Kg7 23. Rxh3 Qe7 24. Qb3 Bxe5 25. dxe5 h5 26. Bxe3 Rae8 27. Rg1 Qxe6 28. Qxe6 Rxe6 29. Rxh5 Rd8 30. Rhg5 Rh8 31. R1g2 Rh3 32. b4 Rh4 33. a3 a5 34. R2g4 Rh2+ 35. Kf3 Ra2 36. bxa5 Rxa3 37. Rb4 Re7 38. e6 Rxa5 39. Bd4+ Kh6 40. Re5 b6 41. Rb2 bxc5 42. Rh2+ 1-0


[Site "https://www.chess.com"]

[Event "Titled Tuesday Blitz February 14 Late 2023"]
[White "Hoffmann, Asa"]
[Black "ArchibaldCerveza29"]
[WhiteFideId "2001470"]
[WhiteElo "2185"]
[BlackElo "2469"]
[Result "1-0"]
[Round "06"]
[TimeControl "180+2"]
[Date "2023.02.14"]
[WhiteClock "0:00:09"]
[BlackClock "0:00:02"]

1. d4 d5 2. Bg5 f6 3. Bf4 c5 4. e3 Nc6 5. Nf3 Bg4 6. Bb5 e6 7. Nc3 Bd6 8. h3 Bh5 9. O-O Ne7 10. g4 Bf7 11. Bxd6 Qxd6 12. e4 cxd4 13. Nxd4 Kf8 14. exd5 exd5 15. Re1 h5 16. Bxc6 bxc6 17. Qf3 hxg4 18. hxg4 Re8 19. Qg3 Qb4 20. Nb3 Rh6 21. a3 Qb7 22. Qd6 Rg6 23. f3 f5 24. Qb4 Qxb4 25. axb4 fxg4 26. f4 Nc8 27. Nc5 Rf6 28. Nd7+ Kg8 29. Nxf6+ gxf6 30. Rxe8+ Bxe8 31. Kf2 Kf7 32. Kg3 f5 33. Ne2 Nd6 34. Rxa7+ Kf6 35. Nc3 d4 36. Ne2 Ne4+ 37. Kg2 c5 38. bxc5 Ke6 39. Nxd4+ Kd5 40. Nxf5 Kxc5 41. Ra5+ Kb4 42. Re5 Bc6 43. Nd4 Ba8 44. Rxe4 Bxe4+ 45. Kg3 Kc4 46. c3 Kd5 47. Kxg4 Bd3 48. Kg5 Kd6 49. Kf6 Kd7 50. f5 Ke8 51. b4 Bc4 52. b5 Kd7 53. b6 Kc8 54. Ke7 Kb7 55. f6 Bd5 56. Ne6 Ka8 57. f7 Bb7 58. f8=Q+ Bc8 59. Nc5 Kb8 60. b7 Ka7 61. bxc8=N+ Kb8 62. Qf4+ Ka8 63. Nb6+ Ka7 64. Qc7# 1-0


[Site "https://www.chess.com"]

[Event "Titled Tuesday Blitz February 14 Late 2023"]
[White "Ramirez Allo, Eduardo"]
[Black "Szente Varga, Fruzsina"]
[WhiteFideId "2224178"]
[BlackFideId "712264"]
[WhiteElo "2274"]
[BlackElo "2075"]
[Result "1-0"]
[Round "06"]
[TimeControl "180+2"]
[Date "2023.02.14"]
[WhiteClock "0:01:31"]
[BlackClock "0:00:27"]

1. Nf3 Nf6 2. c4 g6 3. g3 Bg7 4. Bg2 d5 5. O-O c6 6. d3 O-O 7. Nbd2 Nbd7 8. Rb1 e5 9. Qc2 Re8 10. e3 Nb6 11. b4 Bf5 12. e4 dxe4 13. dxe4 Bg4 14. Bb2 Qc7 15. h3 Bd7 16. c5 Nc8 17. Nc4 b5 18. Ncxe5 Be6 19. a3 a5 20. Ng5 axb4 21. axb4 Ba2 22. Ra1 Rxe5 23. Bxe5 Qxe5 24. Rxa2 Rxa2 25. Qxa2 Qxg5 26. Qa8 Qe5 27. Qxc8+ Bf8 28. Qxc6 1-0


[Site "https://www.chess.com"]

[Event "Titled Tuesday Blitz February 14 Late 2023"]
[White "Womacka, Mathias"]
[Black "Bulgurlu, Okan"]
[WhiteFideId "4611390"]
[BlackFideId "6352316"]
[WhiteElo "2396"]
[BlackElo "1908"]
[Result "1-0"]
[Round "06"]
[TimeControl "180+2"]
[Date "2023.02.14"]
[WhiteClock "0:00:11"]
[BlackClock "0:00:10"]

1. e4 c5 2. Nf3 d6 3. d4 cxd4 4. Nxd4 Nf6 5. Nc3 Nc6 6. Be2 a6 7. O-O e5 8. Nf3 h6 9. Re1 Be6 10. h3 g5 11. Nd5 Nxe4 12. Be3 Nc5 13. b4 Bxd5 14. bxc5 dxc5 15. Bf1 e4 16. Nd2 Bg7 17. Bxc5 Qa5 18. Be3 Bxa1 19. Qxa1 O-O-O 20. Nc4 Bxc4 21. Bxc4 Ne5 22. Be2 f5 23. Rb1 Rd6 24. Qb2 Rh7 25. Qb3 Qd5 26. Qa4 Qc6 27. Qa5 Nc4 28. Qxf5+ Rhd7 29. Bg4 Nxe3 30. fxe3 Kc7 31. Qe5 Rf7 32. Rb3 Kb8 33. Rc3 Rf6 34. Rxc6 bxc6 35. Qxe4 Kb7 36. Qe5 Kc7 37. Kh2 Kb6 38. Qe7 a5 39. e4 Rg6 40. e5 Rd2 41. Qf7 1-0


[Site "https://www.chess.com"]

[Event "Titled Tuesday Blitz February 14 Late 2023"]
[White "Seletsky, Grigory"]
[Black "Sliwicki, Damian"]
[WhiteFideId "14112191"]
[BlackFideId "1127128"]
[WhiteElo "2259"]
[BlackElo "2158"]
[Result "1-0"]
[Round "06"]
[TimeControl "180+2"]
[Date "2023.02.14"]
[WhiteClock "0:00:45"]
[BlackClock "0:00:03"]

1. e4 c5 2. Nc3 g6 3. Bc4 Bg7 4. d3 e6 5. f4 Ne7 6. Nf3 O-O 7. O-O Nbc6 8. a3 Nd4 9. Ba2 d5 10. e5 Nef5 11. Ne2 Qb6 12. c3 Nxf3+ 13. Rxf3 Bd7 14. g4 Ne7 15. d4 Bb5 16. dxc5 Qxc5+ 17. Nd4 Nc6 18. Be3 Nxd4 19. Bxd4 Qc7 20. Qe1 Rae8 21. g5 h5 22. gxh6 Bxh6 23. Qh4 Kg7 24. Qf6+ Kh7 25. Rh3 Rh8 26. f5 Reg8 27. fxe6 Qd8 28. e7 Qd7 29. Qh4 1-0


[Site "https://www.chess.com"]

[Event "Titled Tuesday Blitz February 14 Late 2023"]
[White "Romero Ruscalleda, Josep"]
[Black "Gasparyan, David"]
[WhiteFideId "2231859"]
[BlackFideId "13311980"]
[WhiteElo "2160"]
[BlackElo "2142"]
[Result "0-1"]
[Round "06"]
[TimeControl "180+2"]
[Date "2023.02.14"]
[WhiteClock "0:00:12"]
[BlackClock "0:00:29"]

1. e4 c5 2. c3 d5 3. exd5 Qxd5 4. d4 e6 5. Nf3 Nf6 6. Bd3 Be7 7. Be3 O-O 8. O-O b6 9. c4 Qc6 10. Nc3 Bb7 11. Qe2 Rd8 12. Rad1 cxd4 13. Bxd4 Na6 14. Ne4 Nxe4 15. Ne5 Nc3 16. Bxh7+ Kf8 17. Qg4 Rxd4 18. Rxd4 Qxg2+ 19. Qxg2 Ne2+ 20. Kh1 Bxg2+ 21. Kxg2 Nxd4 22. Rd1 Nf5 23. Rd7 Nc5 24. Bxf5 exf5 25. Rc7 Ne6 26. Rb7 Nd8 27. Rd7 Bf6 28. f4 Bxe5 29. fxe5 Ne6 30. Kf3 Nc5 31. Rc7 g5 32. b4 Ne6 33. Rd7 Kg7 34. h3 Kg6 35. Rd6 Rc8 36. Rd7 Rxc4 37. Rxa7 Rxb4 38. a3 Rb3+ 39. Kf2 f4 40. Ra6 Kf5 41. a4 Ke4 42. a5 bxa5 43. Rxa5 Nd4 44. e6 Nxe6 45. Ra4+ Nd4 46. h4 g4 47. Ke1 Ke3 48. Kd1 Rb1# 0-1


[Site "https://www.chess.com"]

[Event "Titled Tuesday Blitz February 14 Late 2023"]
[White "Buchenau, Frank"]
[Black "Sabar, Ethmane Daouda"]
[WhiteFideId "4604350"]
[BlackFideId "19600097"]
[WhiteElo "2222"]
[BlackElo "2040"]
[Result "0-1"]
[Round "06"]
[TimeControl "180+2"]
[Date "2023.02.14"]
[WhiteClock "0:00:07"]
[BlackClock "0:00:12"]

1. e4 e5 2. Nf3 Nc6 3. Bb5 f5 4. d3 fxe4 5. dxe4 Nf6 6. O-O Bc5 7. Bc4 Qe7 8. Nc3 d6 9. Nd5 Nxd5 10. exd5 Nd4 11. Nxd4 Bxd4 12. Qh5+ Qf7 13. Bb5+ Kf8 14. Qh4 Bf5 15. c3 Bb6 16. Be3 h6 17. Rad1 Kg8 18. Bd3 g5 19. Bxg5 Bxd3 20. Rxd3 hxg5 21. Qxg5+ Qg7 22. Qf5 Qf7 23. Rg3+ Kf8 24. Qe4 Ke7 25. Rf3 Qh7 26. Qxh7+ Rxh7 27. g3 Rah8 28. h4 Rg8 29. Kh2 Rf7 30. Rxf7+ Kxf7 31. Kh3 Kg6 32. g4 Rf8 33. f3 Rf4 34. Kg3 c6 35. Rd1 cxd5 36. Rxd5 Bc7 37. Rb5 b6 38. b3 a6 39. Rd5 Kf6 40. c4 Ke6 41. Rd1 b5 42. cxb5 axb5 43. h5 d5 44. h6 e4 45. Kh4 exf3 46. Kh5 f2 47. h7 Be5 48. g5 f1=Q 49. Rxf1 Rxf1 50. g6 Rh1+ 51. Kg5 Bg7 52. a4 bxa4 53. bxa4 d4 54. a5 d3 0-1


[Site "https://www.chess.com"]

[Event "Titled Tuesday Blitz February 14 Late 2023"]
[White "Bongo Akanga Ndjila, Barthelemy"]
[Black "Slade, Theodore"]
[WhiteFideId "10609431"]
[BlackFideId "426547"]
[WhiteElo "1824"]
[BlackElo "1995"]
[Result "1-0"]
[Round "06"]
[TimeControl "180+2"]
[Date "2023.02.14"]
[WhiteClock "0:00:53"]
[BlackClock "0:00:15"]

1. d4 d5 2. c4 e6 3. Nc3 a6 4. cxd5 exd5 5. Qc2 c6 6. Nf3 Bd6 7. Bg5 Ne7 8. e3 f6 9. Bh4 Bf5 10. Bd3 Bxd3 11. Qxd3 O-O 12. O-O Nd7 13. Bg3 Bxg3 14. fxg3 Nc8 15. e4 dxe4 16. Nxe4 Ndb6 17. Nc5 Nd6 18. Ne6 Qd7 19. Nxf8 Rxf8 20. Qb3+ Nd5 21. Rae1 Re8 22. Rxe8+ Qxe8 23. Re1 Qd8 24. a3 Nb5 25. a4 Nd6 26. Qa2 Kf8 27. b4 Nxb4 28. Qe6 Nd5 29. g4 Qe7 30. g5 Qxe6 31. Rxe6 Nc4 32. gxf6 Nxf6 33. Ne5 Nb6 34. a5 Nbd5 35. Nc4 Nc7 36. Re1 Nb5 37. h3 Nd7 38. Rf1+ Ke7 39. Rf4 Nf8 40. Ne5 Ne6 41. Rf7+ Kd6 42. Rd7# 1-0


[Site "https://www.chess.com"]

[Event "Titled Tuesday Blitz February 14 Late 2023"]
[White "Fernandez Garcia, Gumersindo"]
[Black "Delorme, Alban"]
[WhiteFideId "24516740"]
[BlackFideId "623636"]
[WhiteElo "2160"]
[BlackElo "2298"]
[Result "0-1"]
[Round "06"]
[TimeControl "180+2"]
[Date "2023.02.14"]
[WhiteClock "0:00:03"]
[BlackClock "0:00:16"]

1. e4 c5 2. Nf3 d6 3. d4 cxd4 4. Nxd4 Nf6 5. Nc3 a6 6. Be2 e5 7. Nb3 Be7 8. a4 Be6 9. O-O Nbd7 10. a5 O-O 11. Be3 Qc7 12. Qd2 Rfd8 13. Rfd1 Ng4 14. Bxg4 Bxg4 15. f3 Be6 16. Rac1 Nc5 17. Nd5 Bxd5 18. Qxd5 Rac8 19. Nxc5 dxc5 20. Qc4 Qxa5 21. Rd5 b5 22. Qd3 c4 23. Qd1 Rxd5 24. Qxd5 Qc7 25. Qd2 c3 26. bxc3 Qxc3 27. Qf2 Bc5 28. Bxc5 Rxc5 29. Rd1 h6 30. Rc1 b4 31. Rb1 Rc4 32. h4 a5 33. Qb6 Qxc2 34. Ra1 Rd4 35. Qb8+ Kh7 36. Qxe5 Rd2 37. Qf5+ Kg8 38. Qg4 Rd1+ 39. Rxd1 Qxd1+ 40. Kh2 Qd6+ 41. g3 g6 42. Qc8+ Kg7 43. Qa8 Qd2+ 44. Kh3 Qd1 45. e5 Qh1+ 46. Kg4 Qc1 47. h5 Qg5+ 48. Kh3 Qxh5+ 49. Kg2 Qxe5 50. f4 Qe2+ 51. Kh3 Qe6+ 52. Kh2 b3 53. Qxa5 b2 54. Qc3+ Qf6 55. Qc2 h5 56. Kg2 h4 0-1


[Site "https://www.chess.com"]

[Event "Titled Tuesday Blitz February 14 Late 2023"]
[White "Davidson, Kevin"]
[Black "Manu_ChessExcelsior"]
[WhiteFideId "2056810"]
[WhiteElo "2154"]
[BlackElo "1985"]
[Result "1/2-1/2"]
[Round "06"]
[TimeControl "180+2"]
[Date "2023.02.14"]
[WhiteClock "0:00:01"]
[BlackClock "0:00:03"]

1. e4 e5 2. Nf3 Nc6 3. Bb5 a6 4. Ba4 Nf6 5. O-O Be7 6. Re1 b5 7. Bb3 O-O 8. a4 Bb7 9. d3 d5 10. exd5 Nxd5 11. axb5 axb5 12. Rxa8 Bxa8 13. Nxe5 Nxe5 14. Rxe5 Bd6 15. Rxd5 Bxd5 16. Bxd5 Bxh2+ 17. Kxh2 Qxd5 18. Nc3 Qd6+ 19. g3 c6 20. Qf3 Re8 21. Bf4 Qf6 22. Kg2 Qe6 23. Be3 b4 24. Ne4 Qd5 25. Nc5 Qxf3+ 26. Kxf3 f6 27. Bd2 Rb8 28. Ke4 Rb5 29. Kd4 Kf7 30. Kc4 h5 31. Bxb4 g5 32. Ne4 Kg6 33. Bc3 Rf5 34. b4 h4 35. gxh4 gxh4 36. Nxf6 Rxf6 37. b5 cxb5+ 38. Kxb5 h3 39. Be5 Rf5 40. d4 h2 41. c4 h1=Q 42. c5 Rxe5 43. dxe5 Qd5 44. f4 Kf5 45. Kb6 Kxf4 46. c6 Qd8+ 47. c7 Qc8 48. e6 Ke5 49. e7 Kd6 50. e8=Q Qxe8 51. Kb7 Qd7 52. Ka8 Qxc7 1/2-1/2


[Site "https://www.chess.com"]

[Event "Titled Tuesday Blitz February 14 Late 2023"]
[White "Rodrigues, Tiago Pereira"]
[Black "Vaglio Mattey, Emanuel"]
[WhiteFideId "2101203"]
[BlackFideId "6504167"]
[WhiteElo "2155"]
[BlackElo "2155"]
[Result "1-0"]
[Round "06"]
[TimeControl "180+2"]
[Date "2023.02.14"]
[WhiteClock "0:01:18"]
[BlackClock "0:00:06"]

1. c4 c6 2. e3 d5 3. b3 Nf6 4. Bb2 g6 5. f4 Bg7 6. Nf3 O-O 7. Be2 Bg4 8. Ne5 Bxe2 9. Qxe2 Nbd7 10. O-O a5 11. d3 a4 12. Nd2 axb3 13. axb3 Nxe5 14. Bxe5 Nd7 15. Bxg7 Kxg7 16. Nf3 Qb6 17. Nd4 Nc5 18. Qc2 Qb4 19. h3 Kg8 20. Kh2 Ra3 21. Rxa3 Qxa3 22. Rb1 Ra8 23. b4 Na6 24. b5 Nc5 25. bxc6 bxc6 26. Nxc6 dxc4 27. Qxc4 Qxd3 28. Nxe7+ Kf8 29. Nxg6+ hxg6 30. Qxc5+ Kg8 31. Rb7 Re8 32. Re7 Rd8 33. Qe5 Qe2 34. Re8+ Rxe8 35. Qxe8+ Kg7 36. Qe5+ Kg8 37. Qd4 Kh7 38. Qe4 Qf2 39. Qe5 Kg8 40. Qe7 Kh7 41. Qxf7+ Kh6 42. Qf8+ Kh7 43. Qc5 Kg7 44. Qd4+ Kh6 45. Qe5 Kh7 46. Qe4 Kh6 47. Qf3 Qe1 48. Qg3 Qe2 49. Qg5+ Kh7 50. f5 gxf5 51. Qxf5+ Kg7 52. Qg4+ Qxg4 53. hxg4 1-0


[Site "https://www.chess.com"]

[Event "Titled Tuesday Blitz February 14 Late 2023"]
[White "Carrasco Miranda, Andres"]
[Black "The_Sherman_Variation"]
[WhiteFideId "3405990"]
[WhiteElo "2240"]
[BlackElo "2511"]
[Result "0-1"]
[Round "06"]
[TimeControl "180+2"]
[Date "2023.02.14"]
[WhiteClock "0:00:10"]
[BlackClock "0:00:35"]

1. d4 Nf6 2. c4 c5 3. d5 b5 4. cxb5 e6 5. Nc3 exd5 6. Nxd5 Bb7 7. Nxf6+ Qxf6 8. e3 Be7 9. Bc4 O-O 10. Nf3 a6 11. bxa6 Nxa6 12. O-O Nb4 13. a3 d5 14. Be2 Rfd8 15. Bd2 Nc6 16. Bc3 d4 17. exd4 cxd4 18. Be1 d3 19. Bxd3 Ba6 20. Bc3 Qh6 21. Ne1 Bd6 22. g3 Be5 23. Qc2 Bxc3 24. Qxc3 Nd4 25. Bxa6 Qxa6 26. Qe3 Ne2+ 27. Kg2 Re8 28. Qd3 Qb7+ 29. Qf3 Qxb2 30. Nd3 Qc2 31. Rfe1 Nd4 32. Rxe8+ Rxe8 33. Re1 Rf8 34. Qe4 Nb3 35. Nf4 Qc5 36. Re3 Nd2 37. Qd5 Qc1 38. Ne2 Qf1# 0-1


[Site "https://www.chess.com"]

[Event "Titled Tuesday Blitz February 14 Late 2023"]
[White "Sonnenschein, Philipp"]
[Black "Aguilar, Juan"]
[WhiteFideId "16250877"]
[BlackFideId "3800091"]
[WhiteElo "2224"]
[BlackElo "2254"]
[Result "1-0"]
[Round "06"]
[TimeControl "180+2"]
[Date "2023.02.14"]
[WhiteClock "0:00:13"]
[BlackClock "0:00:15"]

1. d4 g6 2. e4 Bg7 3. Nc3 d6 4. f4 a6 5. Nf3 b5 6. Bd3 Nd7 7. a4 c5 8. dxc5 b4 9. Ne2 Nxc5 10. O-O Bb7 11. Ng3 Nf6 12. Qe2 O-O 13. Bd2 Qb6 14. Kh1 Nxd3 15. cxd3 a5 16. f5 Rac8 17. Be3 Qa6 18. Nd4 Nd7 19. fxg6 hxg6 20. h4 Nc5 21. h5 Qxd3 22. Qf2 Nxe4 23. Nxe4 Qxe4 24. h6 Bf6 25. Kg1 Rc5 26. Rae1 Rfc8 27. Nf3 Rc2 28. Qg3 Rxb2 29. Bg5 Qf5 30. Bxf6 Qxf6 31. Nh4 Qd4+ 32. Kh2 Rcc2 33. h7+ Kh8 34. Nxg6+ fxg6 35. Rf8+ Kxh7 36. Qh3+ 1-0


[Site "https://www.chess.com"]

[Event "Titled Tuesday Blitz February 14 Late 2023"]
[White "Gerbelli Neto, Eduardo"]
[Black "Petrovic, Aleksa"]
[WhiteFideId "2103281"]
[BlackFideId "967629"]
[WhiteElo "2114"]
[BlackElo "2332"]
[Result "1/2-1/2"]
[Round "06"]
[TimeControl "180+2"]
[Date "2023.02.14"]
[WhiteClock "0:00:14"]
[BlackClock "0:00:03"]

1. e4 c6 2. d4 d5 3. exd5 cxd5 4. c4 Nf6 5. Nc3 e6 6. Nf3 Bb4 7. cxd5 Nxd5 8. Qc2 O-O 9. Bd3 Nf6 10. Bg5 Nc6 11. O-O h6 12. Be3 b6 13. Ne4 Bb7 14. Nxf6+ Qxf6 15. Rac1 Rac8 16. Qa4 Bd6 17. Be4 Na5 18. Bxb7 Nxb7 19. Qxa7 Qe7 20. Qxb6 Qd7 21. Rxc8 Rxc8 22. Rc1 Rxc1+ 23. Bxc1 Qa4 24. Qb3 Qxb3 25. axb3 Na5 26. Bd2 Nxb3 27. Bc3 Nc1 28. Kf1 Nd3 29. g3 Nb4 30. Ke2 Nd5 31. Kd3 Kf8 32. Ne5 f6 33. Nc4 Ke7 34. Nxd6 Kxd6 35. Bd2 Kc6 36. f4 f5 37. h3 h5 38. Kc4 Nb6+ 39. Kd3 Kd5 40. b3 Nd7 41. Bb4 Nf6 42. Bf8 g6 43. b4 Ne4 44. b5 Nxg3 45. Bc5 Ne4 46. Be7 Nf2+ 47. Ke3 Nd1+ 48. Kf3 Nc3 49. b6 Kc6 50. Kg3 Ne4+ 51. Kh4 Kxb6 52. Bf6 Kc6 53. Be5 Kd5 54. Bg7 Kc4 55. Be5 Kd3 56. Bg7 Ke2 57. Be5 Ke3 58. Bg7 Kxf4 59. Be5+ Kf3 60. Bg7 g5+ 61. Kxh5 g4 62. hxg4 fxg4 63. Be5 Nf6+ 64. Kg6 g3 65. Bxg3 Nd5 66. Be5 Ke4 67. Kf7 Nb4 68. Kg7 Nc6 69. Bf6 Nxd4 70. Kf7 Kd5 71. Bxd4 Kxd4 72. Kxe6 1/2-1/2


[Site "https://www.chess.com"]

[Event "Titled Tuesday Blitz February 14 Late 2023"]
[White "Itkis, Boris"]
[Black "Tworuszka, Michal"]
[WhiteFideId "1209167"]
[BlackFideId "1117858"]
[WhiteElo "2329"]
[BlackElo "2260"]
[Result "0-1"]
[Round "06"]
[TimeControl "180+2"]
[Date "2023.02.14"]
[WhiteClock "0:00:16"]
[BlackClock "0:00:18"]

1. e4 e5 2. Nf3 Nc6 3. Nc3 Nf6 4. Bb5 Bb4 5. O-O d6 6. d4 Bxc3 7. bxc3 Bd7 8. Bg5 Qe7 9. Qd3 O-O 10. Rab1 a6 11. Bxc6 bxc6 12. Rb7 Rfc8 13. Rd1 exd4 14. cxd4 Qxe4 15. Bxf6 Qxd3 16. Rxd3 gxf6 17. c4 Rab8 18. Rdb3 Rxb7 19. Rxb7 Be6 20. Nd2 Kf8 21. Kf1 Ke8 22. Ra7 Rb8 23. Rxa6 Rb2 24. Ke1 Kd7 25. Kd1 Rb4 26. Kc2 Bxc4 27. Kc3 Bxa6 28. Kxb4 f5 29. Nf3 h6 30. a4 Ke6 31. Nh4 Bd3 32. a5 Kd5 33. Kc3 Ba6 34. Nxf5 c5 35. Ne3+ Kc6 36. d5+ Kb5 37. Nf5 h5 38. Nh6 Kxa5 39. Nxf7 Bb7 40. h4 Bxd5 41. f3 Bxf7 42. g3 d5 43. g4 d4+ 44. Kd3 Kb4 45. g5 Bg6+ 46. Kd2 c4 47. f4 c3+ 0-1


[Site "https://www.chess.com"]